 Dungeon Crawl Stone Soup version 0.30.0-10-gfe55d96785 (webtiles) character file.

Game seed: 12520913201948755577

60 SnakkuSnakku7 the Caller (level 3, 0/33 HPs)
             Began as an Armataur Summoner on May 14, 2023.
             Slain by a worm (8 damage)
             ... on level 2 of the Dungeon.
             The game lasted 00:01:43 (981 turns).

SnakkuSnakku7 the Caller (Armataur Summoner)         Turns: 981, Time: 00:01:44

Health: 0/33       AC:  6    Str: 15    XL:     3   Next: 80%
Magic:  5/5        EV:  7    Int: 15    God:
Gold:   55         SH:  0    Dex: 10    Spells: 4/5 levels left

rFire   . . .        m - +0 mace
rCold   . . .        (no shield)
rNeg    . . .        n - +0 scale mail
rPois   .            (no helmet)
rElec   .            (no cloak)
rCorr   .            (no gloves)
SInv    .            (no barding)
Will    .....        (no amulet) Stlth
                     (no ring)
HPRegen 0.25/turn    (no ring)
MPRegen 0.09/turn

%: roll
@: slowed, very slow
A: large, rugged brown scales 3, deformed body, armoured tail, roll, long
tongue, awkward tongue
a: no special abilities


You were on level 2 of the Dungeon.
You visited 1 branch of the dungeon, and saw 2 of its levels.

You collected 55 gold pieces.

Inventory:

Hand Weapons
 f - a +0 dagger
 m - a +0 mace (weapon)
Missiles
 i - 2 silver javelins
Armour
 a - a +0 robe
 n - a +0 scale mail (worn)
Scrolls
 d - a scroll of blinking {unknown}
 j - a scroll of poison {unknown}
 k - a scroll of noise {unknown}
 l - 2 scrolls of identify {unknown}
Potions
 b - a potion of magic
 c - 3 potions of mutation {unknown}
 e - a potion of lignification {unknown}
 g - 2 potions of heal wounds {unknown}
 h - a potion of flight {unknown}


   Skills:
 + Level 3.2 Fighting
 - Level 1.3 Dodging
 - Level 2.1 Stealth
 - Level 1.7 Spellcasting
 - Level 3.2 Summonings


You had 4 spell levels left.
You knew the following spells:

 Your Spells              Type           Power      Damage    Failure   Level
a - Summon Small Mammal   Summ           44%        N/A       26%         1

Your spell library contained the following spells:

 Spells                   Type           Power      Damage    Failure   Level
 Call Imp                 Summ           22%        N/A       36%         2
 Call Canine Familiar     Summ           11%        N/A       58%         3
 Summon Guardian Golem    Hex/Summ       6%         N/A       83%         3
 Tukima's Dance           Hex            1%         N/A       96%         3
 Summon Lightning Spire   Summ/Air       6%         N/A       99%         4
 Passage of Golubria      Tloc           1%         N/A       100%        4
 Yara's Violent Unravell  Hex/Tmut       0%         3d3       100%        5


Dungeon Overview and Level Annotations

Branches:
Dungeon (2/15)

Altars:

Annotations:
D:2 Terence


Innate Abilities, Weirdness & Mutations

You are completely covered in rugged brown scales. (AC +3, +7% HP)
Armour fits poorly on your strangely shaped body.
You have a long armoured tail.
You roll when moving toward enemies. (Rampage)
Your long tongue fully drains potion bottles. (2x potion effects)
Your tongue gives you trouble enunciating. (1.5x scroll delay)


Message History

Things that are here:
a +0 club; a goblin corpse HP restored.
Jessica shouts!
Jessica casts a spell.
Jessica seems to speed up.
Jessica is nearby!
Jessica zaps a wand.
The puff of flame hits you. Jessica hits you with a +0 dagger.
You hit Jessica. You punch Jessica.
Jessica is heavily wounded.
Jessica hits you with a +0 dagger. Jessica hits you but does no damage.
You barely miss Jessica.
Your tail-slap misses Jessica.
Jessica is heavily wounded.
Jessica hits you but does no damage. x2; Jessica hits you with a +0 dagger.
You hit Jessica.
Your tail-slap misses Jessica.
Jessica is severely wounded.
Jessica hits you with a +0 dagger.
Jessica zaps a wand.
The puff of flame hits you.
You are too injured to fight recklessly!
You are too injured to fight recklessly!
You are too injured to fight recklessly!
You hit Jessica.
Jessica is almost dead.
Jessica barely misses you.
Jessica gestures wildly.
Jessica gestures at you while chanting.
You feel yourself slow down.
You hit Jessica but do no damage. You tail-slap Jessica.
You kill Jessica!
Your Fighting skill increases to level 3!
You sock the worm!
The worm is heavily wounded.
The worm bites you.
You hit the worm but do no damage.
The worm is moderately wounded.
The worm bites you!
* * * LOW HITPOINT WARNING * * *
The worm bites you!
You die...

...# ...# ...# ...# # ...#
######### ## .# ..)#####.......#
.#... ........###.##.##.#.### .#
##.#.##.###.##...w....### #.# #
...#.##.....##..@#...... #.# ##.
.###.###########.#....#####.##...
.# ######<# #...............# .#
###....########......w##...#
'###....####.......# #.##..#
...#.#..#........### #)...#
...#.#..'......:.# ####.#####
...#.##.#........# ######........
...#.##.#.......## #......#.#####


You could see a worm.

Vanquished Creatures
  Jessica (D:2)
  4 dart slugs (D:1)
  2 endoplasms (D:1)
  3 goblins
  2 hobgoblins (D:1)
  3 jackals (D:1)
  A kobold (D:2)
  A ball python (D:1)
  2 bats (D:1)
  A frilled lizard (D:1)
  5 rats
25 creatures vanquished.

Vanquished Creatures (collateral kills)
  A jackal (D:1)
1 creature vanquished.

Grand Total: 26 creatures vanquished

Notes
Turn   | Place    | Note
-------+----------+-------------------------------------------
     0 | D:1      | SnakkuSnakku7 the Armataur Summoner began the quest for the
                  | Orb.
     0 | D:1      | Reached XP level 1. HP: 14/14 MP: 3/3
    90 | D:1      | Reached skill level 1 in Fighting
   100 | D:1      | Reached XP level 2. HP: 16/24 MP: 1/4
   304 | D:1      | Reached XP level 3. HP: 10/32 MP: 5/5
   635 | D:2      | Noticed Terence
   696 | D:2      | Noticed Jessica
   979 | D:2      | Killed Jessica
   981 | D:2      | Slain by a worm

Illustrated notes

Levels and vault maps discovered:
D:1:      nicolae_arrival_washed_ashore, layout_basic, hex_large
D:2:      layout_basic, hellmonk_ecumenical_altar_zigzags, serial_shops,
          nicolae_shop_window_shopping, corexii_leaking_fountain, uniq_jessica,
          uniq_terence, uniq_crazy_yiuf_cottage

Skill      XL: |  1  2  3 |
---------------+----------+-----
Fighting       | 1 2 3 |  3.2
Dodging        | |  1.3
Stealth        | |  2.1
Spellcasting   | |  1.7
Summonings     | |  3.2

Action                     || total
---------------------------++-------
  Melee: Unarmed           ||    30
         Tailslap          ||    12
         Dagger            ||    47
         Mace              ||    12
         Punch             ||     2
   Cast: Summon Small Mamm ||     4
   Stab: Sleeping          ||     5
         Distracted        ||     1
 Armour: Robe              ||    30
         Scale mail        ||     5
  Dodge: Dodged            ||    51
